 Dungeon Crawl Stone Soup version 0.16-a0-3749-g20dbed2 (webtiles) character file.

618 Leibowitz the Ducker (level 7, 0/54 HPs)
             Began as a Merfolk Gladiator on Jan 23, 2015.
             Succumbed to poison (a potion of poison)
             ... on level 4 of the Dungeon.
             The game lasted 00:10:42 (3854 turns).

Leibowitz the Ducker (Merfolk Gladiator)            Turns: 3854, Time: 00:10:42

Health: 0/54       AC:  5    Str: 21    XL:     7   Next: 45%
Magic:  7/7        EV: 17    Int:  7    God:
Gold:   206        SH:  0    Dex: 16    Spells: 0 memorised, 6 levels left

rFire  . . .     SeeInvis .     a - +0 trident
rCold  . . .     Clarity  .     b - +0 leather armour
rNeg   . . .     SustAb   .     (no shield)
rPois  .         Gourm    .     c - +0 helmet
rElec  .         Spirit   .     o - +0 cloak
rCorr  .         Warding  .     (no gloves)
rMut   .         Stasis   .     (no boots)
MR     .....                    (no amulet)
Stlth  ++........               (no ring)
                                (no ring)

@: mighty, lethally poisoned, very slightly contaminated, hasted, invisible,
very quick, not resistant to hostile enchantments, unstealthy
A: change form in water, swift swim
a: no special abilities


You were on level 4 of the Dungeon.
You were hungry.

You visited 1 branch of the dungeon, and saw 4 of its levels.

You collected 206 gold pieces.

Inventory:

Hand weapons
 a - a +0 trident (weapon)
Missiles
 d - 2 throwing nets (quivered)
Armour
 b - a +0 leather armour (worn)
 c - a +0 helmet (worn)
 o - a +0 cloak (worn)
Scrolls
 e - 3 scrolls of enchant weapon {unknown}
 g - 6 scrolls of identify {unknown}
 h - a scroll of remove curse {unknown}
 i - 2 scrolls of magic mapping {unknown}
 j - 3 scrolls of fog {unknown}
 l - a scroll of fear {unknown}
 q - a scroll of blinking {unknown}
 s - a scroll of teleportation {unknown}
 t - a scroll of amnesia {unknown}
 w - a scroll of enchant armour {unknown}
 y - a scroll of recharging {unknown}
Potions
 n - a potion of poison
Comestibles
 f - 2 bread rations
 r - a slice of pizza
 u - 2 royal jellies
 v - a beef jerky
 z - 2 chunks of flesh
 A - a meat ration


   Skills:
 * Level 4.2 Fighting
 * Level 6.7 Polearms
 + Level 2.0 Throwing
 + Level 1.7 Armour
 * Level 7.6 Dodging
 + Level 2.2 Stealth


You had 6 spell levels left.
You didn't know any spells.

Dungeon Overview and Level Annotations

Branches:
Dungeon (4/15)             Temple (0/1) D:4

Altars:
Yredelemnul

Annotations:
D:4 exclusion: goliath beetle


Message History

The phantom is almost destroyed.
* * * LOW HITPOINT WARNING * * *
You feel sick. The phantom completely misses you.
You miss the phantom.
The phantom is almost destroyed.
You barely miss the phantom.
The phantom is almost destroyed.
* * * LOW HITPOINT WARNING * * *
You feel sick. The phantom misses you.
You catch the helpless phantom completely off-guard!
You puncture the phantom!
You destroy the phantom!
Your Stealth skill increases to level 2!
* * * LOW HITPOINT WARNING * * *
You feel sick.
* * * LOW HITPOINT WARNING * * *
You feel sick.
Found a staircase to the Ecumenical Temple.
You see here a short sword.
You die...

... .... .....#####
..........#
..........#####
..........#...#...
#g.....$..@..⌠...>.
#.......).#...#...
##........# ###
#######..# ##)# #†#
#.### #...# #...#


There were no monsters in sight!

Vanquished Creatures
  The ghost of xsansara the Chiller, an average OpIE (D:4)
  An ogre (D:4)
  A phantom (D:4)
  2 orc priests (D:4)
  3 hounds (D:4)
  7 adders
  3 gnolls (D:2)
  A giant mite (D:3)
  2 worms
  2 giant geckos
  An ooze (D:1)
  7 orcs (D:4)
  8 bats
  7 giant cockroaches
  11 hobgoblins
  4 jackals
  8 kobolds
  A quokka (D:3)
  A ball python (D:1)
  4 giant newts
  7 goblins
  3 rats
85 creatures vanquished.

Notes
Turn   | Place    | Note
--------------------------------------------------------------
     0 | D:1      | Leibowitz, the Merfolk Gladiator, began the quest for the Orb.
     0 | D:1      | Reached XP level 1. HP: 16/16 MP: 1/1
    84 | D:1      | Reached XP level 2. HP: 2/22 MP: 2/2
   724 | D:1      | Reached skill level 5 in Polearms
   836 | D:1      | Reached XP level 3. HP: 28/28 MP: 3/3
  1434 | D:2      | Reached skill level 5 in Dodging
  1885 | D:2      | Reached XP level 4. HP: 32/34 MP: 4/4
  2381 | D:3      | Reached skill level 1 in Stealth
  2400 | D:3      | Reached XP level 5. HP: 31/41 MP: 5/5
  2544 | D:3      | Reached skill level 1 in Armour
  2741 | D:4      | Noticed an ogre
  2762 | D:4      | Killed an ogre
  2762 | D:4      | Reached skill level 6 in Polearms
  2762 | D:4      | Reached XP level 6. HP: 4/47 MP: 6/6
  3069 | D:4      | Noticed xsansara's ghost (average OpIE)
  3305 | D:4      | Found a basalt altar of Yredelemnul.
  3339 | D:4      | Got an ichor-stained ring mail
  3350 | D:4      | Identified the +4 ring mail "Daeng" {rPois+ rF+ Int+4 Slay-4 Stlth-} (You found it on level 4 of the Dungeon)
  3409 | D:4      | Killed xsansara's ghost
  3409 | D:4      | Reached skill level 7 in Dodging
  3482 | D:4      | Reached XP level 7. HP: 50/54 MP: 7/7
  3819 | D:4      | Noticed a phantom
  3851 | D:4      | Killed a phantom
  3851 | D:4      | HP: 2/54 [poison (a potion of poison)]
  3853 | D:4      | Found a staircase to the Ecumenical Temple.
  3854 | D:4      | Succumbed to poison (a potion of poison)

Action                   |  1- 3 |  4- 6 |  7- 9 || total
-------------------------+-------+-------+-------++-------
Melee: Trident           |   144 |   213 |    45 ||   402
Throw: Throwing net      |     1 |     3 |       ||     4
  Use: Potion            |     1 |       |     5 ||     6
 Stab: Held in net/web   |     1 |     1 |       ||     2
       Sleeping          |     1 |       |       ||     1
       Invisible         |       |       |     3 ||     3
  Eat: Chunk             |     1 |     2 |     2 ||     5
       Bread ration      |     1 |       |       ||     1
